 Dungeon Crawl Stone Soup version 0.17.2-1-ge4368a0 (webtiles) character file.

48 Rottenbandages the Insei (level 3, 0/29 HPs)
             Began as a Mummy Monk on Oct 30, 2017.
             Slain by an adder (5 damage)
             ... on level 2 of the Dungeon on Feb 4, 2018.
             The game lasted 00:02:06 (1868 turns).

Rottenbandages the Insei (Mummy Monk)               Turns: 1868, Time: 00:02:06

Health: 0/29       AC:  0    Str: 14    XL:     3   Next: 50%
Magic:  3/3        EV: 13    Int:  9    God:
Gold:   97         SH:  0    Dex: 15    Spells: 0 memorised, 2 levels left

rFire  . . .     SeeInvis .       - Unarmed
rCold  . . .     Clarity  .     (no armour)
rNeg   + + +     SustAt   .     (no shield)
rPois  ∞         Gourm    .     (no helmet)
rElec  .         Spirit   .     (no cloak)
rCorr  .         Warding  .     (no gloves)
rMut   .         Stasis   .     (no boots)
MR     .....                    (no amulet)
Stlth  ++........               g - ring of fire
                                (no ring)

@: not resistant to hostile enchantments, unstealthy
A: no food or potions, fire vulnerability, cold resistance 1, negative energy
resistance 3, torment resistance, unbreathing
a: no special abilities


You were on level 2 of the Dungeon.
You were not hungry.

You visited 1 branch of the dungeon, and saw 2 of its levels.

You collected 97 gold pieces.


Innate Abilities, Weirdness & Mutations

You do not eat or drink.
Your flesh is vulnerable to fire.
You are immune to poison.
Your flesh is cold resistant.
You are immune to negative energy.
You are immune to unholy pain and torment.
You can survive without breathing.


   Skills:
 - Level 3.0 Fighting
 - Level 2.4 Dodging
 - Level 1.5 Stealth
 + Level 4.3 Unarmed Combat


You had 2 spell levels left.
You didn't know any spells.

Inventory:

Jewellery
 g - a ring of fire (right hand)
 i - a +3 ring of intelligence {unknown}
Scrolls
 a - 2 scrolls of enchant armour {unknown}
 b - 2 scrolls of fear {unknown}
 c - 3 scrolls of identify {unknown}
 d - a scroll of teleportation {unknown}
 e - a scroll of blinking {unknown}
 f - a scroll of amnesia {unknown}
 h - a scroll of random uselessness {unknown}

Dungeon Overview and Level Annotations

Branches:
Dungeon (2/15)

Altars:
Cheibriados
Xom

Annotations:
D:2 exclusion: adder

▒...........▒ ▒.▒
▒...........▒ ▒.▒
▒...........▒ ▒.▒
▒........... ▒.▒
▒▒▒▒'▒▒▒▒▒▒ ▒.▒ ▒.▒
▒.▒
▒▒▒▒▒▒▒▒▒▒▒▒▒▒▒▒▒.▒▒
.!....SM...........▒
▒▒
...?=.▒▒▒▒▒▒▒▒▒▒▒▒▒▒
.▒ ..... .▒ .... '▒▒
▒▒▒ ..▒ ..▒ ..▒ ..▒


You could see an adder.


Message History

The adder is lightly wounded!
The adder bites you! * * * don't die
* * * You take 3 damage, and have 13/29 hp!
You closely miss the adder!
The adder is lightly wounded!
The adder closely misses you!
You barely miss the adder!
The adder is lightly wounded!
The adder barely misses you!
You closely miss the adder!
The adder is lightly wounded!
The adder bites you! * * * don't die
* * * The adder closely misses you!
You take 3 damage, and have 10/29 hp!
You pulverise the adder!
The adder is moderately wounded!
The adder barely misses you!
You barely miss the adder!
The adder is moderately wounded!
The adder bites you! * * * don't die
* * * You take 5 damage, and have 5/29 hp!
You pulverise the adder!!!
You annihilate the adder!!!
You pulverise the adder!
The adder is moderately wounded!
The adder barely misses you! The adder bites you! rip

Action                   || total
-------------------------++-------
Melee: Unarmed           ||   127
 Stab: Sleeping          ||     5

Vault maps used:
D:1:      minmay_arrival_cross, minmay_misc_feat_room, minmay_misc_feat_x,
          serial_bayou_pond_d, minmay_misc_feat_plants
D:2:      lemuel_crystal_altar, minmay_misc_feat_diagonals, xom_redecorated

Notes
Turn   | Place    | Note
--------------------------------------------------------------
     0 | D:1      | Rottenbandages the Mummy Monk began the quest for the Orb.
     0 | D:1      | Reached XP level 1. HP: 18/18 MP: 1/1
   172 | D:1      | Reached XP level 2. HP: 24/24 MP: 2/2
   874 | D:2      | Reached skill level 4 in Unarmed Combat
   983 | D:2      | Found a shimmering altar of Xom.
   985 | D:2      | Found a shimmering altar of Xom.
   997 | D:2      | Found a shimmering altar of Xom.
   997 | D:2      | Found a shimmering altar of Xom.
  1044 | D:2      | Reached XP level 3. HP: 14/29 MP: 3/3
  1334 | D:2      | Found a snail-covered altar of Cheibriados.
  1868 | D:2      | Slain by an adder

Vanquished Creatures
  An adder (D:2)
  A giant gecko (D:2)
  2 giant cockroaches (D:2)
  6 goblins
  7 hobgoblins
  3 kobolds
  A quokka (D:2)
  A ball python (D:2)
  5 bats
  A giant newt (D:1)
  3 jackals (D:2)
  3 rats (D:1)
34 creatures vanquished.
